 Dungeon Crawl Stone Soup version 0.28-a0-1389-gc726bef33b (webtiles) character file.

Game seed: 6918029592834750118

1127 Tourneye the Covered (level 8, -2/62 HPs)
             Began as a Deep Dwarf Arcane Marksman on Jan 3, 2022.
             Was a Plaything of Xom.
             Slain by an iguana (7 damage)
             ... on level 5 of the Dungeon.
             The game lasted 00:38:52 (3542 turns).

Tourneye the Covered (Deep Dwarf Arcane Marksman)   Turns: 3542, Time: 00:38:53

Health: -2/62      AC: 14    Str: 17    XL:     8   Next: 13%
Magic:  5/5        EV:  8    Int: 11    God:    Xom [*.....]
Gold:   145        SH:  0    Dex: 13    Spells: 8/9 levels left

rFire   + . .      SeeInvis .   h - +2 dagger (venom)
rCold   x . .      Faith    .   e - orb {*channel}
rNeg    . . .      Spirit   .   j - +0 chain mail
rPois   .          Reflect  .   (no helmet)
rElec   .          Harm     .   (no cloak)
rCorr   .          Rampage  .   (no gloves)
Will    +....                   (no boots)
Stlth   ..........              (no amulet)
HPRegen 0.00/turn               g - ring of fire
MPRegen 0.09/turn               k - +4 ring of protection

@: no status effects
A: damage resistance, heal wounds, sense surroundings 1, no regeneration,
deterioration 1, dopey 1, frail 1
a: Heal Wounds, Renounce Religion


You were on level 5 of the Dungeon.
You worshipped Xom.
You were a special plaything of Xom.
You visited 1 branch of the dungeon, and saw 5 of its levels.

You collected 145 gold pieces.

Inventory:

Hand Weapons
 a - a +0 hand crossbow
 b - a +0 hunting sling
 f - a +0 hand axe
 h - a +2 dagger of venom (weapon)
 i - a +0 club
 n - a +0 quarterstaff
 o - a +0 short sword
 s - a +1 flail of holy wrath
 v - a +0 spear
 x - a +0 scythe
 H - a +3 flail of protection
Missiles
 c - 49 bolts
 q - 49 arrows
 t - 33 stones (quivered)
 w - a throwing net
 y - 18 sling bullets
Armour
 d - a +0 robe
 e - an orb of energy (worn)
 j - a +0 chain mail (worn)
 l - the +1 scale mail of Wufecs {Fly rF++ Will+}
   (You found it on level 2 of the Dungeon)

   rF:        It greatly protects you from fire.
   Fly:       It grants you flight.
   Will:      It increases your willpower.
 m - a +0 ring mail
 p - a +1 leather armour of fire resistance
 r - a +0 ring mail
 u - a +0 ring mail
 E - a +0 robe
 I - a +0 scale mail
 J - a +1 leather armour of fire resistance
Magical Staves
 F - a staff of earth
Jewellery
 g - a ring of fire (left hand)
 k - a +4 ring of protection (right hand)
Wands
 K - a wand of flame (18)
Scrolls
 z - 2 scrolls of magic mapping
 D - a scroll of fear
Potions
 A - a potion of resistance {unknown}
 B - a potion of berserk rage {unknown}
 C - 4 potions of curing
 G - a potion of haste {unknown}


   Skills:
 + Level 3.3 Fighting
 + Level 3.8 Short Blades
 + Level 0.5 Maces & Flails
 + Level 2.4 Slings
 + Level 4.3 Crossbows
 + Level 5.5 Armour
 + Level 3.6 Dodging
 + Level 0.3 Stealth
 + Level 1.0 Spellcasting
 + Level 2.8 Hexes


You had 8 spell levels left.
You knew the following spells:

 Your Spells              Type           Power      Damage    Failure   Level
a - Slow                  Hex            24%        N/A       78%         1

Your spell library contained the following spells:

 Spells                   Type           Power      Damage    Failure   Level
 Inner Flame              Hex/Fire       5%         N/A       100%        3
 Portal Projectile        Hex/Tloc       6%         N/A       100%        3
 Cause Fear               Hex            3%         N/A       100%        4


Dungeon Overview and Level Annotations

Branches:
Dungeon (5/15)
 Temple: D:4-7

Altars:
Xom


Innate Abilities, Weirdness & Mutations

You are resistant to damage.
You can heal yourself by infusing magical energy.
You passively map a small area around you.
You do not regenerate.
Your body sometimes deteriorates upon taking damage.
You are dopey. (Int -2)
You are frail. (-10% HP)


Message History

h - a +2 dagger of venom (weapon)
An iguana comes into view.
The ogre closely misses you.
You hit the ogre.
The ogre is poisoned.
The ogre is lightly wounded.
Your chain mail prevents you from hitting the ogre.
The ogre is lightly wounded.
The ogre barely misses you.
You hit the ogre.
The ogre looks as sick as possible!
The ogre is moderately wounded.
You completely miss the ogre.
The ogre is moderately wounded.
The ogre hits you with a +0 giant club!!
You hit the ogre.
The ogre is moderately wounded.
The ogre barely misses you.
You hit the ogre but do no damage.
The ogre looks as sick as possible!
The ogre is moderately wounded.
The ogre hits you with a +0 giant club!!
* * * LOW HITPOINT WARNING * * *
You hit the ogre.
The ogre looks as sick as possible!
The ogre is heavily wounded.
The ogre barely misses you.
You closely miss the ogre.
The ogre is severely wounded.
You hit the ogre.
The ogre looks as sick as possible!
The ogre is almost dead.
You kill the ogre!
Things that are here:
a +0 giant club; an ogre corpse
Things that are here:
a +0 giant club; an ogre corpse The iguana hisses angrily.
You hit the iguana.
The iguana is poisoned.
The iguana is moderately wounded.
The iguana barely misses you.
You completely miss the iguana.
The iguana is moderately wounded.
The iguana bites you!
You die...

* , ,** * * *,,,,,
, , *,,.......#
*,,********,
*,,,......#
**,,,,,** **
*,,,,.....#
*****,,* *
*,,,,,....# **,* *
*,,,,,,...# *,* *
**,****#..### *,*
* *,* #l...### *,*
*,*
#@.#...####**,***
**,*
##.........,*,,,**
***,,****
#.........,***,*,
,,,,,,,,*
#.........,**,,,,
,,,,,,,,*
#.........,,,,**,
* ,,,,,,,*
#.........,,,,,,,
********
#.........,***#..
#.#######.,,***..
#.# ***,,,*#.


You could see an iguana (very poisoned).

Vanquished Creatures
  Sigmund (D:3)
  Edmund (D:4)
  A black bear (D:5)
  An ice beast (D:4)
  An ogre (D:5)
  A necrophage (D:4)
  A water moccasin zombie (D:5)
  An orc priest (D:2)
  A centaur zombie (D:5)
  A scorpion zombie (D:5)
  Natasha (thrice) (D:2)
  4 adders
  8 gnolls (D:3)
  An ufetubus (D:4)
  3 worms
  A dart slug (D:1)
  7 orcs
  9 endoplasms
  A giant cockroach (D:4)
  8 hobgoblins
  2 quokkas (D:3)
  5 ball pythons
  4 bats
  5 frilled lizards
  6 goblins
  10 kobolds
  A quokka zombie (D:3)
  8 rats
96 creatures vanquished.

Vanquished Creatures (collateral kills)
  A water moccasin skeleton (D:4)
  A jelly (D:4)
2 creatures vanquished.

Vanquished Creatures (others)
  An orc (D:2)
1 creature vanquished.

Grand Total: 99 creatures vanquished

Notes
Turn   | Place    | Note
-------+----------+-------------------------------------------
     0 | D:1      | Tourneye the Deep Dwarf Arcane Marksman began the quest for
                  | the Orb.
     0 | D:1      | Reached XP level 1. HP: 16/16 MP: 2/2
    88 | D:1      | Found a faded altar of an unknown god.
    94 | D:1      | Prayed at the altar of an unknown god.
    94 | D:1      | Became a worshipper of Xom the Less-Predictable
   216 | D:1      | XOM: divination: detect creatures
   256 | D:1      | Reached XP level 2. HP: 24/24 MP: 3/3
   327 | D:1      | XOM: silly message
  1081 | D:2      | Reached skill level 1 in Fighting
  1167 | D:2      | Noticed Natasha
  1173 | D:2      | Noticed a crimson imp
  1182 | D:2      | Noticed a crimson imp
  1188 | D:2      | Noticed a crimson imp
  1195 | D:2      | Reached XP level 3. HP: 14/31 MP: 3/3
  1201 | D:2      | HP: 1/31 [Natasha/magic dart (8)]
  1201 | D:2      | XOM: butterfly on damage
  1211 | D:2      | Killed Natasha
  1212 | D:2      | Reached XP level 4. HP: 28/38 MP: 4/4
  1339 | D:2      | Reached skill level 1 in Armour
  1412 | D:2      | Noticed Natasha
  1427 | D:2      | Killed Natasha
  1428 | D:2      | Reached skill level 1 in Slings
  1568 | D:2      | XOM: silly message
  1712 | D:2      | Noticed Natasha
  1721 | D:2      | Killed Natasha
  1722 | D:2      | Reached XP level 5. HP: 14/44 MP: 5/5
  1881 | D:2      | Identified the +1 scale mail of Wufecs {Fly rF++ Will+}
  1916 | D:3      | XOM: divination: detect creatures
  2039 | D:3      | XOM: silly message
  2065 | D:3      | XOM: potion effect (berserk rage)
  2114 | D:3      | Reached skill level 2 in Armour
  2137 | D:3      | Reached XP level 6. HP: 29/52 MP: 4/4
  2378 | D:3      | Noticed Sigmund
  2379 | D:3      | XOM: swap monsters
  2384 | D:3      | XOM: scenery: summon butterflies
  2392 | D:3      | Killed Sigmund
  2393 | D:3      | Reached skill level 1 in Short Blades
  2393 | D:3      | Reached skill level 3 in Armour
  2414 | D:3      | XOM: 3-stop teleportation journey
  2589 | D:3      | XOM: summons 1 hostile shadow creature
  2832 | D:4      | Noticed an ice beast
  2843 | D:4      | XOM: confuse monster(s)
  2859 | D:4      | XOM: summons friendly iron imp
  2862 | D:4      | Reached XP level 7. HP: 26/61 MP: 5/5
  2911 | D:4      | Reached skill level 4 in Armour
  2952 | D:4      | Noticed Edmund
  2968 | D:4      | HP: 3/61 [Edmund (1)]
  2969 | D:4      | Killed Edmund
  2986 | D:4      | XOM: 6-stop teleportation journey
  3190 | D:4      | XOM: scenery: 1 doors close
  3311 | D:5      | Entered Level 5 of the Dungeon
  3317 | D:5      | XOM: confusion
  3334 | D:5      | Reached skill level 5 in Armour
  3367 | D:5      | XOM: divination: magic mapping
  3411 | D:5      | Reached XP level 8. HP: 38/69 MP: 5/5
  3414 | D:5      | XOM: give mutations
  3414 | D:5      | Gained mutation: Your body sometimes deteriorates upon
                  | taking damage. [Xom's mischief]
  3414 | D:5      | Gained mutation: You are frail. (-10% HP) [Xom's mischief]
  3414 | D:5      | Gained mutation: You are dopey. (Int -2) [Xom's mischief]
  3542 | D:5      | Slain by an iguana

Illustrated notes

Levels and vault maps discovered:
D:1:      mrwooster_arrival_statue_3, layout_loops_ring,
          ebering_ecumenical_altar_hall, st_stairs_6, nrook_mini_vaults
D:2:      layout_basic, uniq_natasha
D:3:      layout_loops_cross, minmay_tree_intersection, minmay_quantized,
          uniq_sigmund
D:4:      layout_rooms, dk_vineyard_2, uniq_edmund
D:5:      layout_rooms, nicolae_kikubaaqudgha_miasma_corner

Skill      XL: |  1  2  3  4  5  6  7 |
---------------+----------------------+-----
Fighting       | 1 2 3 |  3.3
Crossbows      | 3 4 |  4.3
Armour         | 1 2 3 5 |  5.5
Slings         | 1 2 |  2.4
Dodging        | 3 |  3.6
Short Blades   | 2 3 |  3.8
Maces & Flails | |  0.5
Stealth        | |  0.3
Spellcasting   | |  1.0
Hexes          | |  2.8

Action                   |  1- 3 |  4- 6 |  7- 9 || total
-------------------------+-------+-------+-------++-------
Melee: Dagger            |    17 |   218 |    92 ||   327
       Flail             |       |       |    20 ||    20
 Fire: Hand crossbow     |    61 |    12 |       ||    73
       Hunting sling     |       |    18 |       ||    18
 Cast: Slow              |     1 |       |       ||     1
 Abil: Heal Wounds       |     3 |     5 |     2 ||    10
  Use: Scroll            |       |     4 |     3 ||     7
       Potion            |       |     2 |       ||     2
Armor: Ring mail         |    23 |    14 |       ||    37
       Robe              |     1 |       |       ||     1
       Chain mail        |       |   127 |    81 ||   208
Dodge: Dodged            |    38 |    88 |    56 ||   182

Table legend: (Time is in decaauts)
 A = Elapsed time spent in this place.
 B = Non-inter-level travel time spent in this place.
 C = Inter-level travel time spent in this place.
 D = Time resting spent in this place.
 E = Time spent auto-exploring this place.
 F = Levels seen in this place.
 G = Mean time per level.
                   A        B        C        D        E       F      G
               +--------+--------+--------+--------+--------+-----+--------+
         Total |   3578 |   1072 |   2506 |      0 |      3 |   5 |  715.6 |
       Dungeon |   3578 |   1072 |   2506 |      0 |      3 |   5 |  715.6 |
               +--------+--------+--------+--------+--------+-----+--------+

Top non-repeatable levels by time:
     D:1: 1062 daAuts
     D:3: 886 daAuts
     D:2: 872 daAuts
     D:4: 527 daAuts
     D:5: 229 daAuts
